Map: Invader LE

Players

hazing

  • Race: Protoss Protoss
  • League: Master

OwNaGe - Winner!

  • Race: Protoss Protoss
  • League: Diamond

VOD

Have the link to the VOD?

Description

Time

  • Played on: April 2, 2016, 2:06 p.m.
  • Length: 6:11
Show
View Real Time Build Order
Export as new Build Order

hazing Protoss 

Build Orders: Phoenix Opening 

Get SALT Encoding   

  12  0:01  Probe (Chrono Boost)  
  13  0:11  Probe (Chrono Boost)  
  14  0:18  Pylon  
  14  0:22  Probe (Chrono Boost)  
  15  0:36  Probe (Chrono Boost)  
  15  0:41  Gateway  
  16  0:47  Probe (Chrono Boost)  
  17  0:51  Assimilator  
  17  0:57  Probe (Chrono Boost)  
  17  0:58  Assimilator  
  18  1:07  Pylon  
  18  1:08  Probe (Chrono Boost)  
  19  1:18  Probe (Chrono Boost)  
  20  1:29  Cybernetics Core, Probe (Chrono Boost)  
  22  1:40  Probe (Chrono Boost)  
  22  1:50  Probe (Chrono Boost)  
  23  2:03  Pylon  
  23  2:06  Mothership Core (Chrono Boost)  
  25  2:11  Stargate  
  25  2:19  Stalker  
  27  2:24  Probe (Chrono Boost)  
  27  2:29  Warp Gate  
  28  2:35  Probe (Chrono Boost)  
  29  2:45  Probe (Chrono Boost)  
  30  2:53  Nexus  
  30  2:58  Phoenix (Chrono Boost)  
  31  3:16  Gateway  
  31  3:23  Phoenix (Chrono Boost)  
  33  3:28  Stalker  
  33  3:32  Pylon  
  35  3:45  Phoenix (Chrono Boost)  
  37  4:04  Probe  
  37  4:06  Phoenix (Chrono Boost)  
  40  4:10  Assimilator  
  40  4:15  Probe  
  39  4:22  Probe  
  36  4:25  Probe  
  37  4:34  Probe  
  38  4:40  Probe  
  38  4:45  Phoenix (Chrono Boost)  
  41  4:46  Probe  
  41  4:50  Probe  
  43  5:01  Probe  
  43  5:03  Gateway  
  43  5:05  Sentry  
  43  5:06  Sentry  
  48  5:11  Sentry  
  30  5:38  Stalker  
  19  6:02  Pylon  
Show
View Real Time Build Order
Export as new Build Order

OwNaGe Protoss - Winner!

Build Orders:  

Get SALT Encoding   

  12  0:00  Probe (Chrono Boost)  
  13  0:11  Probe (Chrono Boost)  
  14  0:17  Pylon  
  14  0:22  Probe (Chrono Boost)  
  15  0:36  Probe (Chrono Boost)  
  15  0:39  Gateway  
  16  0:46  Probe (Chrono Boost)  
  16  0:49  Assimilator  
  18  0:57  Probe (Chrono Boost)  
  18  1:01  Assimilator  
  18  1:07  Probe (Chrono Boost)  
  19  1:18  Probe (Chrono Boost)  
  20  1:22  Gateway  
  20  1:31  Cybernetics Core  
  20  1:38  Probe (Chrono Boost)  
  21  1:50  Probe (Chrono Boost)  
  22  2:01  Probe (Chrono Boost)  
  23  2:08  Warp Gate (Chrono Boost)  
  23  2:14  Pylon  
  23  2:18  Pylon  
  23  2:32  Adept x2, Mothership Core  
  29  2:40  Robotics Facility  
  29  2:59  Stalker, Sentry  
  33  3:15  Gateway  
  33  3:16  Pylon  
  33  3:27  Stalker  
  33  3:29  Sentry  
  37  3:35  Immortal (Chrono Boost)  
  41  3:54  Pylon  
  41  4:12  Stalker  
  41  4:13  Adept, Immortal (Chrono Boost)  
  47  4:27  Stalker  
  47  4:33  Stalker  
  47  4:37  Stalker  
  51  4:43  Pylon  
  51  4:50  Adept  
  53  5:01  Stalker  
  49  5:32  Stalker x3  
  41  5:57  Stalker x3  
Tags
 
Add a new tag
Caveats
  • Supply blocks, unpowered buildings, or Contaminate may cause inaccurate times.
  • Supply counts are checked every 10 seconds.